 Dungeon Crawl Stone Soup version 0.27-a0-1555-g0e7b3fb1d2 (webtiles) character file.

Game seed: 18115141654469833146

46 Morbidden the Insei (level 3, 0/26 HPs)
             Began as a Demonspawn Transmuter on July 14, 2021.
             Slain by an adder (4 damage)
             ... on level 3 of the Dungeon.
             The game lasted 00:02:40 (1989 turns).

Morbidden the Insei (Demonspawn Transmuter)         Turns: 1989, Time: 00:02:41

Health: 0/26       AC:  2    Str:  9 (11) XL:     3   Next: 44%
Magic:  5/6        EV: 12    Int: 20 (22) God:
Gold:   0          SH:  0    Dex: 11 (13) Spells: 4/7 levels left

rFire    . . .     SeeInvis .     - Unarmed
rCold    . . .     Faith    .   (no shield)
rNeg     . . .     Spirit   .   a - +0 robe
rPois    .         Reflect  .   (no helmet)
rElec    .         Harm     .   (no cloak)
rCorr    .         Rampage  .   (no gloves)
Will     .....                  (no boots)
Stlth    +.........             (no amulet)
HPRegen  0.08/turn              g - +6 ring of intelligence
MPRegen  0.10/turn              (no ring)

@: lethally poisoned (0 -> -1)
A: demonic guardian 1, big brain 1
a: no special abilities


You were on level 3 of the Dungeon.
You visited 1 branch of the dungeon, and saw 3 of its levels.

Inventory:

Armour
 a - a +0 robe (worn)
Jewellery
 g - a +6 ring of intelligence (left hand)
Scrolls
 d - 2 scrolls of teleportation {unknown}
 e - 2 scrolls of identify {unknown}
 h - a scroll of vulnerability {unknown}
Potions
 b - a potion of might
 c - 3 potions of lignification {unknown}
 f - a potion of mutation {unknown}
 i - a potion of haste {unknown}


   Skills:
 * Level 1.1 Fighting
 * Level 2.2 Dodging
 + Level 0.2 Stealth
 + Level 3.1 Unarmed Combat
 * Level 2.6 Spellcasting
 * Level 2.1 Transmutations


You had 4 spell levels left.
You knew the following spells:

 Your Spells              Type           Power      Damage    Failure   Level
a - Beastly Appendage     Tmut           22%        N/A       6%          1
b - Wereblood             Tmut           11%        N/A       10%         2

Your spell library contained the following spells:

 Spells                   Type           Power      Damage    Failure   Level
 Spider Form              Tmut/Pois      3%         N/A       28%         3
 Ice Form                 Ice/Tmut       6%         N/A       67%         4


Dungeon Overview and Level Annotations

Branches:
Dungeon (3/15)

Altars:


Innate Abilities, Weirdness & Mutations

A weak demonic guardian rushes to your aid.
You have an unusually large brain. (Int +2)


Message History

The gnoll hits your quasit with a +0 flail!
Your quasit closely misses the gnoll.
Your quasit completely misses the gnoll.
Your quasit barely misses the gnoll.
The gnoll completely misses your quasit.
Your quasit barely misses the gnoll. x2; Your quasit closely misses the gnoll.
The adder bites your quasit. The gnoll closely misses your quasit.
The gnoll hits your quasit with a +0 spear.
Your quasit dies!
Your horns disappear.
Your talons disappear.
Your primal bloodlust is almost over.
Your primal bloodlust has ended.
The adder bites you.
A demonic guardian appears!
Your iron imp hits the adder.
Your iron imp misses the adder.
Things that are here:
a +0 club; a gnoll skeleton The adder closely misses you.
The gnoll throws a poisoned dart.
The poisoned dart closely misses your iron imp.
The poisoned dart closely misses the adder.
The poisoned dart hits you!
You are poisoned.
You feel very sick.
You feel sick.
You feel sick. The adder closely misses you.
You feel sick.
You feel sick.
There is a stone staircase leading down here.
You feel sick. The adder barely misses you.
The gnoll throws a poisoned dart.
The poisoned dart hits your iron imp! The adder misses you.
You climb downwards.
You feel sick.
Found a stone staircase leading down.
There is a stone staircase leading up here.
Unknown command.
Unknown command.
You hit the adder.
The adder is lightly wounded.
You feel sick. The adder bites you.
You die...

.... ## ... .#
. ####..##.##
.. ..........
...
.........##....
.......>.......
...........#
.......@..#
......S...#
.........##
.........#
####..#..#
##.##.#. #. .##
#. ..


You could see an adder.

Vanquished Creatures
  2 dart slugs
  3 ball pythons
  4 endoplasms (D:1)
  2 giant cockroaches (D:1)
  A goblin (D:1)
  2 jackals (D:1)
  A quokka (D:1)
  5 bats
  5 frilled lizards (D:1)
  6 kobolds
  3 rats
34 creatures vanquished.

Vanquished Creatures (collateral kills)
  A gnoll (D:2)
1 creature vanquished.

Grand Total: 35 creatures vanquished

Notes
Turn   | Place    | Note
-------+----------+-------------------------------------------
     0 | D:1      | Morbidden the Demonspawn Transmuter began the quest for the
                  | Orb.
     0 | D:1      | Reached XP level 1. HP: 15/15 MP: 3/3
   231 | D:1      | Reached skill level 3 in Unarmed Combat
   235 | D:1      | Gained mutation: You have an unusually large brain. (Int
                  | +2) [demonic ancestry]
   235 | D:1      | Reached XP level 2. HP: 14/21 MP: 3/5
   287 | D:1      | Learned a level 2 spell: Wereblood
   868 | D:1      | Gained mutation: A weak demonic guardian rushes to your
                  | aid. [demonic ancestry]
   868 | D:1      | Reached XP level 3. HP: 24/26 MP: 2/6
  1989 | D:3      | Slain by an adder

Illustrated notes

Levels and vault maps discovered:
D:1:      dpeg_arrival_arbitrary_a, layout_rooms
D:2:      layout_basic, basic_ecumenical_altar
D:3:      layout_rooms, mainiacjoe_overflow_chevrons,
          gammafunk_ghost_stat_death, minmay_misc_feat_x, uniq_natasha

Skill      XL: |  1  2 |
---------------+-------+-----
Unarmed Combat | 3 |  3.1
Dodging        | 2 |  2.2
Transmutations | 2 |  2.1
Fighting       | |  1.1
Stealth        | |  0.2
Spellcasting   | |  2.6

Action                   || total
-------------------------++-------
Melee: Unarmed           ||    90
       Kick              ||    14
       Headbutt          ||     8
 Cast: Beastly Appendage ||    22
       Wereblood         ||     9
  Use: Potion            ||     3
Armor: Robe              ||    20
Dodge: Dodged            ||    76

Table legend: (Time is in decaauts)
 A = Elapsed time spent in this place.
 B = Non-inter-level travel time spent in this place.
 C = Inter-level travel time spent in this place.
 D = Time resting spent in this place.
 E = Time spent auto-exploring this place.
 F = Levels seen in this place.
 G = Mean time per level.
                   A        B        C        D        E       F      G
               +--------+--------+--------+--------+--------+-----+--------+
         Total |   1984 |   1929 |     55 |    596 |    982 |   3 |  661.3 |
       Dungeon |   1984 |   1929 |     55 |    596 |    982 |   3 |  661.3 |
               +--------+--------+--------+--------+--------+-----+--------+

Top non-repeatable levels by time:
     D:1: 1209 daAuts
     D:2: 774 daAuts
     D:3: 0 daAuts
